 Dungeon Crawl Stone Soup version 0.31.0-12-g77e489cdc1 (webtiles) character file.

Game seed: 16688640286880331628

2 PaiMei the Grave Robber (level 1, -1/13 HPs)
             Began as a Demonspawn Necromancer on Feb 28, 2024.
             Slain by a goblin
             ... wielding a +0 club
              (2 damage)
             ... on level 1 of the Dungeon.
             The game lasted 00:00:19 (39 turns).

PaiMei the Grave Robber (Demonspawn Necromancer)      Turns: 39, Time: 00:00:20

Health: -1/13      AC:  2    Str:  8    XL:     1   Next: 33%
Magic:  0/3        EV: 12    Int: 15    God:
Gold:   0          SH:  0    Dex: 13    Spells: 3/4 levels left

rFire   . . .        c - +0 short sword
rCold   . . .        (no shield)
rNeg    . . .        a - +0 robe
rPois   .            (no helmet)
rElec   .            (no cloak)
rCorr   .            (no gloves)
SInv    .            (no boots)
Will    .....        (no amulet)
Stlth   ++           (no ring)
HPRegen 0.22/turn    (no ring)
MPRegen 0.08/turn

%: no passive effects
@: no status effects
A: no striking features
a: no special abilities


You were on level 1 of the Dungeon.
You visited 1 branch of the dungeon, and saw 1 of its levels.

Inventory:

Hand Weapons
 c - a +0 short sword (weapon)
Armour
 a - a +0 robe (worn)
Potions
 b - a potion of magic


   Skills:
 + Level 1.8 Dodging
 + Level 1.8 Stealth
 + Level 2.0 Spellcasting
 + Level 4.4 Necromancy


You had 3 spell levels left.
You knew the following spells:

 Your Spells              Type           Power      Damage    Failure   Level
a - Necrotise             Necr           56%        1d6       3%          1

Your spell library contained the following spells:

 Spells                   Type           Power      Damage    Failure   Level
 Vampiric Draining        Necr           14%        2d7       11%         3
 Animate Dead             Necr           14%        N/A       34%         4
 Curse of Agony           Necr           14%        N/A       69%         5


Dungeon Overview and Level Annotations

Branches:
Dungeon (1/15)

Altars:


Message History

A goblin comes into view. It is wielding a +0 club.
The goblin shouts!
The quokka attacks as it pursues you! The quokka barely misses you.
The goblin moves out of view.
Casting: Necrotise (safe; 3% risk of failure)
Confirm with . or Enter, or press ? or * to list all spells.
You don't have enough magic to cast this spell.
You closely miss the quokka.
The quokka is moderately wounded.
The quokka closely misses you.
You hit the quokka.
You kill the quokka!
The bat barely misses you. The bat misses you.
Casting: Necrotise (safe; 3% risk of failure)
Confirm with . or Enter, or press ? or * to list all spells.
You don't have enough magic to cast this spell.
The goblin closely misses you. The bat misses you.
The goblin barely misses you. The bat hits you but does no damage.
The goblin closely misses you. The bat attacks as it pursues you!
The bat barely misses you. The bat hits you.
* * * LOW HITPOINT WARNING * * *
The kobold throws a poisoned dart.
The poisoned dart barely misses you. The goblin attacks as it pursues you!
The goblin misses you. The bat hits you but does no damage.
Casting: Necrotise (safe; 3% risk of failure)
Confirm with . or Enter, or press ? or * to list all spells.
Aiming: Necrotise (safe; 3% risk of failure)
Press: ? - help, Shift-Dir - straight line, f/p - bat
Aim: a bat (chance to affect: 84%)
The bat writhes in agony.
The bat barely misses you. x2
The goblin closely misses you. The bat hits you.
* * * LOW HITPOINT WARNING * * *
Casting: Necrotise (safe; 3% risk of failure)
Confirm with . or Enter, or press ? or * to list all spells.
You don't have enough magic to cast this spell.
You barely miss the bat.
The bat is severely wounded.
The bat misses you. The bat barely misses you.
The goblin hits you with a +0 club.
You die...

#≈≈#≈§#..#≈≈#§≈
#§§§§≈#..#≈≈§≈≈ .
#§§§≈≈§..≈≈≈≈§≈ ..
##§§§≈≈..§≈≈≈§# ...
#≈≈§#§..≈#≈≈≈# ..#.
##§≈§§..≈§≈§##
#....## ###≈≈§.≈≈###
#.....#######''###
#...@gK......#######
#..##b.####........#
#.. #..# ##..####..
... .....#####....#
# #..
###..........#.##..
.. #................
. ####.###.#####...
#.# #. ... #. ...


You could see a goblin, a bat and a kobold.

Vanquished Creatures
  A kobold (D:1)
  A quokka (D:1)
2 creatures vanquished.

Notes
Turn   | Place    | Note
-------+----------+-------------------------------------------
     0 | D:1      | PaiMei the Demonspawn Necromancer began the quest for the
                  | Orb.
     0 | D:1      | Reached XP level 1. HP: 13/13 MP: 3/3
    39 | D:1      | Slain by a goblin

Illustrated notes

Levels and vault maps discovered:
D:1:      lightli_molten_gateway, layout_rooms, st_stairs_6,
          amcnicky_mini_pool_small

Action                     || total
---------------------------++-------
  Melee: Short sword       ||     4
   Cast: Necrotise         ||     5
 Armour: Robe              ||    11
  Dodge: Dodged            ||    24
